 Dungeon Crawl Stone Soup version 0.20-a0-269-g17f5411 (webtiles) character file.

1272 Gorice the Quickloader (level 8, 0/44 HPs)
             Began as a Kobold Arcane Marksman on Dec 7, 2016.
             Was an Initiate of Okawaru.
             Killed by divine providence
             ... invoked by an orc priest
              (10 damage)
             ... on level 5 of the Dungeon on Dec 8, 2016.
             The game lasted 00:38:39 (6771 turns).

Gorice the Quickloader (Kobold Arcane Marksman)     Turns: 6771, Time: 00:38:40

Health: 0/44       AC: 10    Str: 11    XL:     8   Next: 83%
Magic:  15/18      EV: 11    Int: 14    God:    Okawaru [......]
Gold:   211        SH:  0    Dex: 14    Spells: 8/9 levels left

rFire  . . .     SeeInvis +     a - +2 short sword (speed)
rCold  + . .     Gourm    .     G - +1 scale mail {rC+}
rNeg   . . .     Faith    .     (shield restricted)
rPois  .         Spirit   .     r - +2 helmet
rElec  .         Reflect  .     (no cloak)
rCorr  .         Harm     .     (no gloves)
MR     .....                    (no boots)
Stlth  ..........               (no amulet)
                                t - ring of magical power
                                p - ring of see invisible

@: very slightly contaminated
A: carnivore 3
a: Renounce Religion


You were on level 5 of the Dungeon.
You worshipped Okawaru.
Okawaru was noncommittal.
You were very full.

You visited 2 branches of the dungeon, and saw 6 of its levels.
You also visited: Sewer.

You collected 251 gold pieces.
You spent 40 gold pieces at shops.

Inventory:

Hand Weapons
 a - a +2 short sword of speed (weapon)
   (You took it off an orc on level 3 of the Dungeon)
 b - a +0 hand crossbow
 h - a +0 whip
 k - a cursed -1 mace
 o - a +0 spear of venom
   (You found it on level 1 of the Dungeon)
 y - a +0 long sword
 z - a +1 dagger of protection
   (You took it off a kobold in a sewer)
 F - a +3 flail of protection
   (You took it off Edmund on level 5 of the Dungeon)
Missiles
 s - 58 sling bullets
 Z - 205 stones (quivered)
Armour
 d - a +0 chain mail
 e - a +0 robe
 i - a +0 ring mail
 r - a +2 helmet (worn)
 G - a +1 scale mail of cold resistance (worn)
   (You took it off Edmund on level 5 of the Dungeon)
Jewellery
 n - an uncursed ring of ice
 p - a ring of see invisible (left hand)
 t - a ring of magical power (right hand)
Wands
 w - a wand of lightning (6/15)
 E - a wand of confusion (10/48)
 H - a wand of lightning (3/15)
Scrolls
 v - a scroll of remove curse
 C - a scroll of teleportation {!r}
Potions
 g - 3 potions of heal wounds {!q}
 j - 5 potions of magic {!q}
 m - 2 potions of lignification {!q}
 q - 2 potions of flight
 u - 5 potions of curing
 x - 5 potions of might {!q}
 A - a potion of agility {!q}
 B - a potion of mutation {!q}
Books
 c - a book of Debilitation
 l - a book of Misfortune
Comestibles
 f - 3 meat rations {!e}


   Skills:
 + Level 2.2 Fighting
 + Level 7.0 Short Blades
 - Level 10.0 Crossbows
 - Level 2.4 Dodging
 - Level 1.1 Spellcasting
 - Level 3.0 Hexes


You had 8 spell levels left.
You knew the following spells:

 Your Spells              Type           Power        Failure   Level  Hunger
a - Corona                Hex            #......      56%         1    ##.....


Dungeon Overview and Level Annotations

Branches:
Dungeon (5/15)             Temple (1/1) D:5

Altars:
Ashenzari
Cheibriados
Dithmenos
Elyvilon
Fedhas
Gozag
Hepliaklqana
Kikubaaqudgha
Makhleb
Nemelex Xobeh
Okawaru
Qazlal
Ru
Sif Muna
Trog
Uskayaw
Vehumet
Xom
Yredelemnul
Zin
The Shining One

Shops:
D:4 *

Annotations:
D:3 Zorot's ghost, amateur DsGl
D:4 vpUX: ghost, Armakuni's ghost, amateur HEWz


Innate Abilities, Weirdness & Mutations

You are small and have problems with some larger weapons.
You are carnivorous and can eat meat at any time.


Message History

You miscast Corona.
Nothing appears to happen.
The orc priest hits you but does no damage.
Casting: Corona
Confirm with . or Enter, or press ? or * to list all spells.
Aiming: Corona
Press: ? - help, Shift-Dir - straight line, f/p - orc priest
Aim: an orc priest, wielding a falchion of flaming and wearing a chain mail (chance to defeat MR: 44%)
The orc priest is outlined in light.
The orc priest closely misses you.
Casting: Corona
Confirm with . or Enter, or press ? or * to list all spells.
Aiming: Corona
Press: ? - help, Shift-Dir - straight line, f/p - orc priest
Aim: an orc priest, wielding a falchion of flaming and wearing a chain mail (softly glowing, chance to defeat MR: 44%)
You miscast Corona.
Nothing appears to happen.
The orc priest barely misses you.
Casting: Corona
Confirm with . or Enter, or press ? or * to list all spells.
Aiming: Corona
Press: ? - help, Shift-Dir - straight line, f/p - orc priest
Aim: an orc priest, wielding a falchion of flaming and wearing a chain mail (softly glowing, chance to defeat MR: 44%)
The orc priest glows brighter.
You hit the orc priest.
The orc priest is lightly wounded.
The orc priest barely misses you.
Your scale mail prevents you from hitting the orc priest.
The orc priest is lightly wounded.
You hit the orc priest but do no damage.
The orc priest is lightly wounded.
The orc priest hits you with a falchion of flaming.
* * * LOW HITPOINT WARNING * * *
The orc priest burns you.
* * * LOW HITPOINT WARNING * * *
Damage: 6 (max 13)
You hit the orc priest but do no damage.
The orc priest is lightly wounded.
You hit the orc priest but do no damage.
The orc priest is lightly wounded.
The orc priest looks encouraged for a moment.
You hit the orc priest but do no damage.
The orc priest is lightly wounded.
Your scale mail prevents you from hitting the orc priest.
The orc priest is lightly wounded.
The orc priest hits you with a falchion of flaming.
* * * LOW HITPOINT WARNING * * *
The orc priest burns you.
* * * LOW HITPOINT WARNING * * *
Damage: 8 (max 13)
The orc priest calls down the wrath of Beogh upon you.
Beogh smites you!
You die...

.# #### .# # #..
.#.###. #.# .#.....
#######.######.......
....................#
#...@.o.<((......#
##.#..####.#.###.#
#.#......###.# .#
#.##.####.#.###.##
#o##.# ##o###...###
#o##.# #.o...#....
#.##.# #####o..# ####
#.##.# ##.## ...#
#o##.# #.#


You could see an orc priest.

Vanquished Creatures
  Edmund (D:5)
  2 phantoms (D:5)
  A sky beast (D:5)
  A centaur (D:5)
  2 big kobolds (Sewer)
  A scorpion (D:4)
  A howler monkey (D:4)
  A crimson imp (D:5)
  A hound (D:4)
  A jelly (D:4)
  An orc priest (D:4)
  An iguana (D:4)
  3 orc wizards
  A worker ant (D:5)
  A worker ant zombie (D:5)
  13 adders
  8 river rats (Sewer)
  3 oozes
  2 worms
  2 dart slugs
  3 leopard geckos
  17 orcs
  5 giant cockroaches
  3 hobgoblins
  18 kobolds
  A quokka (D:3)
  6 ball pythons
  8 bats
  7 frilled lizards
  12 goblins
  19 rats
146 creatures vanquished.

Notes
Turn   | Place    | Note
-------+----------+-------------------------------------------
     0 | D:1      | Gorice the Kobold Arcane Marksman began the quest for the Orb.
     0 | D:1      | Reached XP level 1. HP: 12/12 MP: 2/2
   101 | D:1      | Reached skill level 3 in Crossbows
   101 | D:1      | Reached XP level 2. HP: 16/16 MP: 3/3
   450 | D:1      | Reached XP level 3. HP: 20/20 MP: 4/4
   490 | D:1      | Reached skill level 4 in Crossbows
   565 | D:1      | You fall through a shaft!
   613 | D:2      | Reached skill level 1 in Short Blades
   789 | D:2      | Reached XP level 4. HP: 25/25 MP: 5/5
  1258 | D:1      | Reached skill level 2 in Short Blades
  1258 | D:1      | Reached skill level 5 in Crossbows
  1464 | D:2      | Reached XP level 5. HP: 24/29 MP: 4/6
  1593 | D:3      | Noticed Zorot's ghost (amateur DsGl)
  1684 | D:3      | Found a glowing drain.
  1689 | Sewer    | Entered a sewer
  1845 | Sewer    | HP: 7/29 [river rat (4)]
  1850 | Sewer    | HP: 1/43 [river rat (6)]
  2235 | Sewer    | Reached skill level 3 in Short Blades
  2284 | Sewer    | Reached skill level 6 in Crossbows
  2296 | Sewer    | Reached XP level 6. HP: 29/34 MP: 7/7
  2540 | Sewer    | Reached skill level 4 in Short Blades
  2540 | Sewer    | Reached skill level 7 in Crossbows
  2540 | Sewer    | Reached XP level 7. HP: 31/38 MP: 8/8
  3140 | D:4      | Found Timeecir's Assorted Antiques.
  3223 | D:3      | HP: 11/38 [orc/short sword of speed (4)]
  3226 | D:3      | HP: 4/38 [orc/short sword of speed (6)]
  3584 | D:3      | HP: 5/38 [Zorot's ghost (12)]
  4042 | D:4      | Noticed Armakuni's ghost (amateur HEWz)
  4051 | D:3      | Reached skill level 8 in Crossbows
  4929 | D:4      | Bought a scroll of identify for 40 gold pieces
  5128 | D:5      | Entered Level 5 of the Dungeon
  5131 | D:5      | Reached skill level 5 in Short Blades
  5138 | D:5      | Reached skill level 9 in Crossbows
  5138 | D:5      | Reached XP level 8. HP: 25/43 MP: 9/9
  5143 | D:5      | Found a staircase to the Ecumenical Temple.
  5267 | D:5      | Upgraded the game from 0.20-a0-268-gb6bde61 to 0.20-a0-269-g17f5411
  5283 | Temple   | Entered the Ecumenical Temple
  5342 | Temple   | Became a worshipper of Warmaster Okawaru
  5453 | D:5      | HP: 7/43 [orc/short sword (8)]
  5472 | D:5      | HP: 9/43 [orc wizard/magic dart (8)]
  5486 | D:5      | HP: 9/43 [orc wizard/dagger (1)]
  5741 | D:5      | Noticed Edmund
  5788 | D:5      | Killed Edmund
  5788 | D:5      | Reached skill level 6 in Short Blades
  6061 | D:5      | Reached skill level 10 in Crossbows
  6223 | D:5      | Reached * piety under Okawaru
  6412 | D:5      | HP: 10/44 [scorpion (4)]
  6421 | D:4      | HP: 8/44 [scorpion (1)]
  6426 | D:4      | HP: 7/44 [poisoned by a scorpion]
  6433 | D:4      | Reached skill level 2 in Fighting
  6433 | D:4      | Reached skill level 7 in Short Blades
  6435 | D:4      | HP: 7/44 [poisoned by a scorpion]
  6443 | D:4      | HP: 6/44 [poisoned by a scorpion]
  6767 | D:5      | HP: 13/44 [orc priest/falchion of flaming (6)]
  6771 | D:5      | Killed from afar by an orc priest

Vault maps used:
D:1:      dpeg_arrival_pond, minmay_cupped
D:3:      first_bread, portal_sewer_entry_e
D:4:      serial_shops, kennysheep_little_box, minivault_14
D:5:      hangedman_decor_opposing, uniq_crazy_yiuf_cottage, uniq_edmund
Temple:   kilobyte_greek_temple
Sewer:    sewer_minmay_treatment

Skill      XL: |  1  2  3  4  5  6  7  8 |
---------------+-------------------------+-----
Crossbows      | 3 4 5 6 7 9 10 | 10.0
Short Blades   | 1 2 3 4 5 7 |  7.0
Fighting       | 2 |  2.2
Dodging        | |  2.4
Spellcasting   | |  1.1
Hexes          | |  3.0

Action                   |  1- 3 |  4- 6 |  7- 9 || total
-------------------------+-------+-------+-------++-------
Melee: Short sword       |     7 |    43 |   184 ||   234
 Fire: Hand crossbow     |    47 |   119 |   141 ||   307
Throw: Stone             |       |       |    29 ||    29
 Cast: Corona            |    10 |    28 |    51 ||    89
Invok: Heroism           |       |       |     1 ||     1
Evoke: Wand              |       |       |     5 ||     5
  Use: Scroll            |       |     6 |     7 ||    13
       Potion            |       |     2 |     2 ||     4
  Eat: Chunk             |     8 |     7 |    14 ||    29
Armor: Robe              |     7 |    19 |    49 ||    75
       Skin              |       |     5 |    10 ||    15
       Scale mail        |       |       |    28 ||    28
Dodge: Dodged            |    13 |   100 |   190 ||   303

Table legend:
 A = Turns spent in this place as a percentage of turns spent in the entire game.
 B = Non-inter-level travel turns spent in this place as a percentage of non-inter-level travel turns spent in the entire game.
 C = Inter-level travel turns spent in this place as a percentage of turns spent in this place.
 D = Turns resting spent in this place as a percentage of non-inter-level travel turns spent in this place.
 E = Turns spent auto-exploring this place as a percentage of non-inter-level travel turns spent in this place.
 F = Non-inter-level travel turns spent in this place divided by the number of levels of this place that you've seen.
                   A       B       C       D       E      F
               +-------+-------+-------+-------+-------+----------------------
         Total | 100.0 | 100.0 |   0.5 |   1.7 |   2.1 | 423.1
       Dungeon |  78.9 |  78.8 |   0.6 |   1.9 |   2.6 | 466.8
        Temple |   1.0 |   1.0 |   3.3 |   0.0 |   3.4 |  29.0
         Sewer |  20.1 |  20.2 |   0.0 |   0.7 |   0.2 | 599.0
               +-------+-------+-------+-------+-------+----------------------

Vault maps used:
D:1:      dpeg_arrival_pond, minmay_cupped
D:3:      first_bread, portal_sewer_entry_e
D:4:      serial_shops, kennysheep_little_box, minivault_14
D:5:      hangedman_decor_opposing, uniq_crazy_yiuf_cottage, uniq_edmund
Temple:   kilobyte_greek_temple
Sewer:    sewer_minmay_treatment
